 Dungeon Crawl Stone Soup version 0.26-a0-8-gc4d20be10f (webtiles) character file.

Game seed: 6250803489530805000, levelgen mode: deterministic

173 MisterFreud the Skirmisher (level 5, 0/59 HPs)
             Began as an Ogre Abyssal Knight on May 24, 2020.
             Was a Believer of Lugonu.
             Killed from afar by an orc wizard (6 damage)
             ... with a puff of flame
             ... on level 4 of the Dungeon.
             The game lasted 00:03:41 (3640 turns).

MisterFreud the Skirmisher (Ogre Abyssal Knight)    Turns: 3640, Time: 00:03:42

Health: 0/59       AC:  4    Str: 17    XL:     5   Next: 53%
Magic:  6/6        EV: 10    Int: 13    God:    Lugonu [**....]
Gold:   105        SH:  0    Dex:  8    Spells: 4/4 levels left

rFire    . . .     SeeInvis .   j - +3 hand axe
rCold    . . .     Gourm    .   (no shield)
rNeg     . . .     Faith    .   b - +1 robe
rPois    .         Spirit   .   (helmet restricted)
rElec    .         Reflect  .   (no cloak)
rCorr    .         Harm     .   (gloves unavailable)
MR       .....                  (boots unavailable)
Stlth    +.........             (no amulet)
HPRegen  0.19/turn              (no ring)
MPRegen  0.10/turn              (no ring)

@: no status effects
A: large, unfitting armour, tough skin 1
a: Depart the Abyss, Bend Space, Renounce Religion


You were on level 4 of the Dungeon.
You worshipped Lugonu.
Lugonu was pleased with you.
You were hungry.

You visited 1 branch of the dungeon, and saw 4 of its levels.
You visited the Abyss 1 time.

You collected 105 gold pieces.

Inventory:

Hand Weapons
 a - a +1 hand axe
 j - a +3 hand axe (weapon)
Missiles
 t - 15 poisoned darts (quivered)
Armour
 b - a +1 robe (worn)
Scrolls
 d - a scroll of amnesia
 g - a scroll of teleportation
 h - a scroll of enchant armour
 k - a scroll of fog {unknown}
 l - a scroll of remove curse {unknown}
 s - a scroll of random uselessness {unknown}
Potions
 e - a potion of resistance
 f - 2 potions of magic
 i - 2 potions of stabbing
 n - a potion of curing
 o - a potion of lignification {unknown}
 p - a potion of mutation {unknown}
 q - 2 potions of heal wounds {unknown}
 r - a potion of cancellation {unknown}
Comestibles
 c - 6 rations


   Skills:
 - Level 6.0 Fighting
 + Level 4.4 Axes
 - Level 2.1 Dodging
 - Level 2.0 Invocations


You had 4 spell levels left.
You didn't know any spells.
Your spell library was empty.

Dungeon Overview and Level Annotations

Branches:
Dungeon (4/15)
 Temple: D:4-7

Altars:
Makhleb
Vehumet
Xom


Innate Abilities, Weirdness & Mutations

You are too large for most types of armour.
You have tough skin. (AC +1)


Message History

* * * LOW HITPOINT WARNING * * *
It was a potion of curing.
You feel better. Something hits you but does no damage.
You miss something. Something hits you but does no damage.
You closely miss something.
You hear some strange, mumbled words.
A magic dart appears from out of thin air!
The magic dart hits you.
* * * LOW HITPOINT WARNING * * *
You closely miss something. Something hits you.
* * * LOW HITPOINT WARNING * * *
You feel better. Something hits you.
* * * LOW HITPOINT WARNING * * *
You miss something. Something hits you.
* * * LOW HITPOINT WARNING * * *
You barely miss something.
You hear some strange, mumbled words.
A puff of flame appears from out of thin air!
The puff of flame hits you.
You die...

#### ...
#####.<##....
..#.#.........#
........@.....#
.....#{)...?##
........).......
...##..........#
.........####
#.......###
#.....##..
#..### ... ...
....


There were no monsters in sight!

Vanquished Creatures
  An orc wizard (D:4)
  A worker ant (D:4)
  4 adders
  2 oozes (D:2)
  A worm (D:3)
  A dart slug (D:2)
  A leopard gecko (D:2)
  5 orcs
  A ball python (D:3)
  3 giant cockroaches
  6 goblins
  7 hobgoblins
  3 jackals (D:3)
  6 kobolds
  4 quokkas
  6 bats
  7 frilled lizards
  9 rats
68 creatures vanquished.

Notes
Turn   | Place    | Note
-------+----------+-------------------------------------------
     0 | Abyss:1  | MisterFreud the Ogre Abyssal Knight began the quest for the
                  | Orb.
     0 | Abyss:1  | Reached XP level 1. HP: 24/24 MP: 2/2
    40 | Abyss:1  | Noticed a freezing wraith
    41 | D:1      | Escaped the Abyss
   172 | D:1      | Reached XP level 2. HP: 33/33 MP: 3/3
   190 | D:1      | Reached * piety under Lugonu
   377 | D:1      | Reached skill level 5 in Fighting
  1011 | D:2      | Reached XP level 3. HP: 41/42 MP: 4/4
  1103 | D:2      | Found a burning altar of Makhleb.
  1103 | D:2      | Found a radiant altar of Vehumet.
  1483 | D:2      | Reached skill level 6 in Fighting
  1693 | D:2      | Reached XP level 4. HP: 37/52 MP: 5/5
  2188 | D:3      | Found a shimmering altar of Xom.
  2362 | D:3      | Reached ** piety under Lugonu
  2892 | D:3      | Found a faded altar of an unknown god.
  2893 | D:3      | Reached XP level 5. HP: 52/59 MP: 6/6
  3633 | D:4      | HP: 2/59 [something/puff of flame (5)]
  3640 | D:4      | Killed from afar by an orc wizard

Illustrated notes

Levels and vault maps discovered:
D:1:      dpeg_arrival_simpleton_b, layout_basic
D:2:      layout_basic, grunt_temple_overflow_open, first_ration
D:3:      layout_basic, overflow_temple_1_default,
          chequers_ecumenical_altar_simple
D:4:      layout_cave_pools, minitemple

Skill      XL: |  1  2  3  4  5 |
---------------+----------------+-----
Fighting       | 5 6 |  6.0
Axes           | 3 4 |  4.4
Dodging        | |  2.1
Invocations    | |  2.0

Action                   |  1- 3 |  4- 6 || total
-------------------------+-------+-------++-------
Melee: Hand axe          |   108 |   110 ||   218
Invok: Depart the Abyss  |     1 |       ||     1
  Use: Scroll            |       |     6 ||     6
       Potion            |       |     2 ||     2
  Eat: Chunk             |     2 |     6 ||     8
Armor: Robe              |    17 |    30 ||    47
Dodge: Dodged            |    58 |    48 ||   106

Table legend:
 A = Non-vault XP
 B = Vault XP
 C = Vault XP percentage of total XP
 D = Non-vault monster count
 E = Vault monster count
 F = Vault count percentage of total count
                 A         B        C        D         E       F
            +---------+---------+-------+---------+---------+-------
      Total |     248 |       0 |   0.0 |      68 |       0 |   0.0
            +---------+---------+-------+---------+---------+-------
        D:1 |      24 |       0 |   0.0 |      16 |       0 |   0.0
        D:2 |      62 |       0 |   0.0 |      24 |       0 |   0.0
        D:3 |      86 |       0 |   0.0 |      25 |       0 |   0.0
        D:4 |      76 |       0 |   0.0 |       3 |       0 |   0.0
            +---------+---------+-------+---------+---------+-------
